 Dungeon Crawl Stone Soup version 0.29-a0-214-g17f627cfee (webtiles) character file.

Game seed: 3299098283091601750

227 spaghetti the Digger (level 6, -2/79 HPs)
             Began as a Naga Earth Elementalist on Feb 24, 2022.
             Was a Believer of Cheibriados.
             Slain by Menkaure (10 damage)
             ... on level 4 of the Dungeon.
             The game lasted 00:05:49 (3737 turns).

spaghetti the Digger (Naga Earth Elementalist)      Turns: 3737, Time: 00:05:50

Health: -2/79      AC: 23    Str: 14    XL:     6   Next: 2%
Magic:  8/9        EV:  1    Int: 21    God:    Cheibriados [**....]
Gold:   160        SH:  0    Dex: 16    Spells: 5/9 levels left

rFire   . . .      SeeInvis +   j - +2 short sword (venom) {short}
rCold   . . .      Faith    .   (no shield)
rNeg    . . .      Spirit   .   (body armour currently unavailable)
rPois   +          Reflect  .   (helmet currently unavailable)
rElec   .          Harm     .   (cloak currently unavailable)
rCorr   .          Rampage  .   (gloves currently unavailable)
Will    .....      NoTele   +   (no barding)
Stlth   ++........              (no amulet)
HPRegen 0.23/turn               (no ring)
MPRegen 0.11/turn               (no ring)

@: mighty, tree-form, invisible, very slow
A: stationary, stasis, torment immunity, boosted hp, AC +2, large, see
invisible, (deformed body), (poison resistance), (slowness 2), spit poison 1,
(naga tail 1), (iridescent scales 1), robust 1
a: Spit Poison, Renounce Religion, Bend Time


You were on level 4 of the Dungeon.
You worshipped Cheibriados.
Cheibriados was pleased with you.
You were a tree.
You visited 1 branch of the dungeon, and saw 4 of its levels.

You collected 160 gold pieces.


Innate Abilities, Weirdness & Mutations

You are a tree.
Your roots penetrate the ground, keeping you stationary.
You cannot be teleported.
You are immune to unholy pain and torment.
Your maximum health is greatly increased.
Your equipment is partially melded.
((Your serpentine skin is tough. (AC +2)))
You have supernaturally acute eyesight. (SInv)
((Armour fits poorly on your strangely shaped body.))
((Your system is resistant to poisons. (rPois)))
((You cover ground very slowly.))
You can spit poison.
((You have a snake-like lower body.))
((You are partially covered in iridescent scales. (AC +2)))
You are robust. (+10% HP)


   Skills:
 - Level 1.5 Dodging
 - Level 3.0 Stealth
 - Level 2.0 Spellcasting
 + Level 3.0 Conjurations
 - Level 1.0 Transmutations
 + Level 5.6 Earth Magic


You had 5 spell levels left.
You knew the following spells:

 Your Spells              Type           Power      Damage    Failure   Level
a - Sandblast             Erth           50%        2d12      1%          1
b - Stone Arrow           Conj/Erth      40%        3d9       8%          3

Your spell library contained the following spells:

 Spells                   Type           Power      Damage    Failure   Level
 Passwall                 Tmut/Erth      13%        N/A       6%          2
 Slow                     Hex            8%         N/A       14%         1
 Petrify                  Tmut/Erth      16%        N/A       36%         4
 Confusing Touch          Hex            2%         N/A       41%         3
 Vampiric Draining        Necr           2%         2d6       41%         3
 Animate Armour           Summ/Erth      26%        N/A       43%         4
 Lehudib's Crystal Spear  Conj/Erth      10%        10d4      100%        8

Inventory:

Hand Weapons
 c - a +1 vampiric whip {mace}
   (You found it on level 1 of the Dungeon)
 j - a +2 short sword of venom (weapon) {short}
   (You took it off an orc on level 3 of the Dungeon)
 n - a +1 dagger of holy wrath {short}
   (You took it off an orc on level 4 of the Dungeon)
Missiles
 a - 73 stones {throwing}
 m - a boomerang {throwing}
Armour
 b - a +0 robe
 i - a +2 pair of gloves (melded)
   (You found it on level 2 of the Dungeon)
 o - the +0 scale mail of Lugonu's Delight (melded) {Slay+2 SInv Stlth-}
   (You found it on level 4 of the Dungeon)

   Slay:      It affects your accuracy & damage with ranged weapons and melee
   (+2).
   SInv:      It lets you see invisible.
   Stlth:     It makes you less stealthy.
Wands
 e - a wand of acid (18)
   (You found it on level 2 of the Dungeon)
 k - a wand of paralysis (10)
   (You found it on level 3 of the Dungeon)
 p - a wand of flame (30)
   (You found it on level 4 of the Dungeon)
Scrolls
 h - a scroll of identify {@r1}
Potions
 f - 2 potions of brilliance
 g - a potion of lignification {!q}

Dungeon Overview and Level Annotations

Branches:
Dungeon (4/15)
 Temple: D:4-7

Altars:
Cheibriados
Sif Muna

Annotations:
D:4 Menkaure

## ##.. ......#.. .....
##......#... .....
..[.....#.. ......
).P♣....#.########......
..♣............#.h...[..
#...............♣M......
..............#.##.#.##
#..........########
#.......>.#.....§§.
#...#####.#.§≈§≈§§≈
#####...#####.#≈..≈≈§..
..............#≈§≈...≈§
........#####.#≈.≈._.§§
......#.# #.#≈.≈...≈.


You could see a black bear (very poisoned) and Menkaure (fast, corroded).


Message History

You hear an angry hiss. 😮 HP[+1] Menkaure is nearby!
Aiming: Paralyse
Press: ? - help, Shift-Dir - straight line, f - Menkaure
Aim: Menkaure (fast, chance to affect: 49%) Menkaure suddenly stops moving!
Your +2 short sword of venom {short} stops dripping with poison.
Your +1 dagger of holy wrath {short} softly glows with a divine radiance!
n - a +1 dagger of holy wrath (weapon)
{short} An iguana comes into view.
The iguana hisses angrily.
Aiming: Corrosive Bolt
Press: ? - help, Shift-Dir - straight line, f/p - Menkaure
Aim: Menkaure (paralysed, 100% to hit)
The bolt of acid hits the iguana.
The acid corrodes the iguana!
The bolt of acid hits Menkaure.
The acid corrodes Menkaure!
You hear an angry growl.
Aiming: Corrosive Bolt
Press: ? - help, Shift-Dir - straight line, f/p - Menkaure
Aim: Menkaure (moderately damaged, paralysed, covered in acid, 100% to hit)
The bolt of acid hits the iguana!
You kill the iguana!
Cheibriados thoroughly appreciates the change of pace.
The bolt of acid hits Menkaure!
Your Conjurations skill increases to level 3!
You have reached level 6!
Your skin feels tougher. 😮 HP[+5] MP[+1]
You now have 49 max hp (+7).
You regained 5 hp, and now have 28/49 hp.
Your mp is fully restored (9).
A black bear comes into view.
You hear the rusting of a drain nearby.
The black bear growls angrily.
It was a potion of invisibility.
You fade into invisibility!
The black bear bites you. The black bear closely misses you.
The black bear barely misses you. 😮 HP[-2]
You take 2 damage, and now have 26/49 hp.
You barely miss the black bear.
The black bear bites you but does no damage.
The black bear claws you.
* * * LOW HITPOINT WARNING * * *
The black bear claws you.
* * * LOW HITPOINT WARNING * * *
😨 HP[-4]
You take 4 damage, and now have 22/49 hp.
Your +1 dagger of holy wrath {short} stops glowing.
Your +2 short sword of venom {short} begins to drip with poison!
j - a +2 short sword of venom (weapon)
{short} You hit the black bear.
The black bear is poisoned.
The black bear bites you.
* * * LOW HITPOINT WARNING * * *
The black bear claws you.
* * * LOW HITPOINT WARNING * * *
The black bear claws you but does no damage. 😨 HP[-9]
You take 9 damage, and now have 13/49 hp.
Aiming: Sandblast (safe; 7% risk of failure)
Press: ? - help, Q - select action, (/) - cycle Shift-Dir - straight line, f - black bear, p - Menkaure
Aim: a black bear (moderately wounded, very poisoned, 86% to hit)
The blast of sand hits the black bear!
Menkaure is no longer paralysed.
The black bear bites you.
* * * LOW HITPOINT WARNING * * *
The black bear completely misses you.
The black bear claws you but does no damage. 😱 HP[-3] MP[-1]
You take 3 damage, and now have 10/49 hp.
You lost 1 mp, and now have 8/9 mp.
Really quaff
g - 2 potions of lignification {!q}?
Really quaff the potion of lignification?
You turn into a tree.
Your +2 pair of gloves melds into your body.
The +0 scale mail of Lugonu's Delight {Slay+2 SInv Stlth-} melds into your body.
Your roots penetrate the ground.
The black bear bites you but does no damage.
The black bear completely misses you.
The black bear claws you but does no damage. 😱 HP[+5]
You now have 73 max hp (+24).
You regained 5 hp, and now have 15/73 hp.
It was a potion of mutation.
You feel extremely strange.
You feel robust.
Iridescent scales grow over part of your body.
The black bear bites you but does no damage.
The black bear claws you.
* * * LOW HITPOINT WARNING * * *
The black bear claws you but does no damage.
Menkaure hits you but does no damage. 😱 HP[-4]
You now have 79 max hp (+6).
Okay, then.
You feel very mighty all of a sudden.
The black bear bites you but does no damage.
The black bear claws you.
* * * LOW HITPOINT WARNING * * *
The black bear claws you but does no damage.
Menkaure hits you!
You die...

Skill      XL: |  1  2  3  4  5 |
---------------+----------------+-----
Earth Magic    | 4 5 |  5.6
Conjurations   | 2 3 |  3.0
Dodging        | |  1.5
Stealth        | |  3.0
Spellcasting   | |  2.0
Transmutations | |  1.0

Action                   |  1- 3 |  4- 6 || total
-------------------------+-------+-------++-------
Melee: Unarmed           |    14 |       ||    14
       Whip              |    70 |    14 ||    84
       Short sword       |       |    12 ||    12
       Dagger            |       |     5 ||     5
 Cast: Sandblast         |    22 |    19 ||    41
       Stone Arrow       |     1 |       ||     1
 Abil: Spit Poison       |    15 |     4 ||    19
Evoke: Wand              |       |     4 ||     4
  Use: Scroll            |     3 |     2 ||     5
       Potion            |     4 |     5 ||     9
 Stab: Sleeping          |     3 |     1 ||     4
Armor: Robe              |    21 |    13 ||    34
       Skin              |       |     7 ||     7
       Scale mail        |       |     3 ||     3
Dodge: Dodged            |    43 |    23 ||    66

Levels and vault maps discovered:
D:1:      roderic_octagonal_star, layout_basic, minmay_small_reverse_x
D:2:      layout_loops_ring, ebering_ecumenical_altar_hall
D:3:      layout_basic, uniq_jessica
D:4:      layout_basic, mainiacjoe_overflow_alcove_2, mainiacjoe_overflow_paths,
          minmay_temple_entry_slanted, portal_sewer_entry_c,
          kennysheep_another_room, kennysheep_doodads, serial_park_tiny_1,
          uniq_pikel, uniq_duvessa, uniq_menkaure

Notes
Turn   | Place    | Note
-------+----------+-------------------------------------------
     0 | D:1      | spaghetti the Naga Earth Elementalist began the quest for
                  | the Orb.
     0 | D:1      | Reached XP level 1. HP: 15/15 MP: 3/3
     0 | D:1      | magus.rc [v1.9.6]
   423 | D:1      | Reached XP level 2. HP: 21/22 MP: 1/5
   589 | D:1      | You pick up a book of Armaments and begin reading...
   589 | D:1      | You add the spells Animate Armour and Lehudib's Crystal
                  | Spear to your library.
   981 | D:1      | Reached skill level 4 in Earth Magic
  1204 | D:1      | Reached XP level 3. HP: 28/28 MP: 6/6
  1318 | D:1      | HP: 7/28 [quokka (1)]
  1319 | D:1      | HP: 3/28 [quokka (4)]
  2046 | D:2      | Found a faded altar of an unknown god.
  2429 | D:2      | Prayed at the altar of an unknown god.
  2429 | D:2      | Became a worshipper of Cheibriados the Contemplative
  2429 | D:2      | Reached * piety under Cheibriados
  2511 | D:3      | Learned a level 3 spell: Stone Arrow
  2621 | D:3      | Reached XP level 4. HP: 24/36 MP: 0/7
  2745 | D:3      | You pick up a book of Debilitation and begin reading...
  2745 | D:3      | You add the spells Slow, Vampiric Draining and Confusing
                  | Touch to your library.
  2803 | D:3      | Noticed Jessica
  2810 | D:3      | Killed Jessica
  2811 | D:3      | Reached skill level 1 in Conjurations
  3203 | D:3      | Reached ** piety under Cheibriados
  3206 | D:3      | Reached skill level 5 in Earth Magic
  3504 | D:4      | Noticed a black bear
  3512 | D:4      | Killed a black bear
  3513 | D:4      | Reached skill level 2 in Conjurations
  3513 | D:4      | Reached XP level 5. HP: 24/42 MP: 5/8
  3644 | D:4      | Identified the +0 scale mail of Lugonu's Delight {Slay+2
                  | SInv Stlth-}
  3711 | D:4      | Found a shimmering blue altar of Sif Muna.
  3721 | D:4      | Noticed Menkaure
  3729 | D:4      | Reached skill level 3 in Conjurations
  3729 | D:4      | Reached XP level 6. HP: 28/49 MP: 9/9
  3729 | D:4      | Noticed a black bear
  3734 | D:4      | HP: 10/49 [black bear (4)]
  3736 | D:4      | Gained mutation: You are robust. (+10% HP) [potion of
                  | mutation]
  3736 | D:4      | Gained mutation: You are partially covered in iridescent
                  | scales. (AC +2) [potion of mutation]
  3737 | D:4      | Slain by Menkaure

Vanquished Creatures
  A black bear (D:4)
  Jessica (D:3)
  An iguana (D:4)
  A hound skeleton (D:4)
  2 adders (D:3)
  3 worms
  A dart slug (D:1)
  5 orcs
  5 ball pythons
  4 bats
  4 endoplasms
  A giant cockroach (D:1)
  A goblin (D:1)
  6 hobgoblins
  A kobold (D:1)
  6 quokkas
  5 frilled lizards
  3 rats
51 creatures vanquished.

Table legend:
 A = Non-vault XP
 B = Vault XP
 C = Vault XP percentage of total XP
 D = Non-vault monster count
 E = Vault monster count
 F = Vault count percentage of total count
                 A         B        C        D         E       F
            +---------+---------+-------+---------+---------+-------
      Total |     279 |      46 |  14.2 |      46 |       5 |   9.8
            +---------+---------+-------+---------+---------+-------
        D:1 |      34 |       9 |  20.9 |      19 |       4 |  17.4
        D:2 |      14 |       0 |   0.0 |       7 |       0 |   0.0
        D:3 |      61 |      37 |  37.8 |      15 |       1 |   6.2
        D:4 |     170 |       0 |   0.0 |       5 |       0 |   0.0
            +---------+---------+-------+---------+---------+-------

Illustrated notes

Table legend:
 A = Kills in this place as a percentage of kills in entire the game.
 B = Kills by you in this place as a percentage of kills by you in the entire game.
 C = Kills by friends in this place as a percentage of kills by friends in the entire game.
 D = Other kills in this place as a percentage of other kills in the entire game.
 E = Experience gained in this place as a percentage of experience gained in the entire game.
 F = Experience gained in this place divided by the number of levels of this place that you have seen.
                   A       B       C       D       E      F
               +-------+-------+-------+-------+-------+----------------------
         Total | 100.0 | 100.0 |   N/A |   N/A | 100.0 |  81.2
       Dungeon | 100.0 | 100.0 |   N/A |   N/A | 100.0 |  81.2
               +-------+-------+-------+-------+-------+----------------------

Table legend: (Time is in decaauts)
 A = Elapsed time spent in this place.
 B = Non-inter-level travel time spent in this place.
 C = Inter-level travel time spent in this place.
 D = Time resting spent in this place.
 E = Time spent auto-exploring this place.
 F = Levels seen in this place.
 G = Mean time per level.
                   A        B        C        D        E       F      G
               +--------+--------+--------+--------+--------+-----+--------+
         Total |   4628 |   4440 |    188 |    852 |   3066 |   4 | 1157.0 |
       Dungeon |   4628 |   4440 |    188 |    852 |   3066 |   4 | 1157.0 |
               +--------+--------+--------+--------+--------+-----+--------+

Top non-repeatable levels by time:
     D:1: 1880 daAuts
     D:3: 1379 daAuts
     D:2: 1056 daAuts
     D:4: 311 daAuts
